 Dungeon Crawl Stone Soup version 0.24-a0-520-g8fd06ad0bc (webtiles) character file.

Game seed: 13459470836270068835

46 KristoblXynda the Slasher (level 3, -1/29 HPs)
             Began as a Draconian Skald on July 23, 2019.
             Slain by a gnoll
             ... wielding a +0 flail
              (8 damage)
             ... on level 2 of the Dungeon.
             The game lasted 00:01:28 (1206 turns).

KristoblXynda the Slasher (Draconian Skald)         Turns: 1206, Time: 00:01:29

Health: -1/29      AC:  5    Str: 13    XL:     3   Next: 44%
Magic:  3/6        EV: 12    Int: 14    God:
Gold:   55         SH:  0    Dex: 10    Spells: 5/6 levels left

rFire    . . .     SeeInvis .   a - +0 falchion
rCold    . . .     Gourm    .   (no shield)
rNeg     . . .     Faith    .   (armour unavailable)
rPois    .         Spirit   .   (helmet restricted)
rElec    .         Reflect  .   (no cloak)
rCorr    .         Harm     .   (no gloves)
MR       .....     Rnd*Tele +   (no boots)
Stlth    +.........             (no amulet)
HPRegen  0.09/turn              d - ring of teleportation (curse)
MPRegen  0.10/turn              (no ring)

@: about to teleport
A: unfitting armour, cold-blooded, AC +5
a: no special abilities


You were on level 2 of the Dungeon.
You were not hungry.

You visited 1 branch of the dungeon, and saw 2 of its levels.

You collected 55 gold pieces.

Inventory:

Hand Weapons
 a - a +0 falchion (weapon)
Jewellery
 d - a cursed ring of teleportation (left hand)
Scrolls
 b - a scroll of magic mapping {unknown}
 g - a scroll of identify {unknown}
Comestibles
 c - 2 rations


   Skills:
 - Level 2.1 Fighting
 * Level 3.1 Long Blades
 + Level 2.6 Dodging
 - Level 2.0 Spellcasting
 + Level 3.1 Charms


You had 5 spell levels left.
You knew the following spells:

 Your Spells              Type           Power        Failure   Level  Hunger
a - Infusion              Chrm           ##..         7%          1    ##.....

Your spell library contained the following spells:

 Spells                   Type           Power        Failure   Level  Hunger
 Song of Slaying          Chrm           ##......     10%         2    ###....
 Shroud of Golubria       Chrm/Tloc      #.....       19%         2    ###....
 Regeneration             Chrm/Necr      #.........   36%         3    ####...
 Spectral Weapon          Hex/Chrm       #.......     36%         3    ####...


Dungeon Overview and Level Annotations

Branches:
Dungeon (2/15)

Altars:


Innate Abilities, Weirdness & Mutations

Your plain brown scales are hard. (AC +5)
You cannot fit into any form of body armour.
You are cold-blooded and may be slowed by cold attacks.


Message History

You kill the hobgoblin!
The worm misses you.
Items here: $ )) [ †† Why would you want to do that?
A gnoll comes into view. It is wielding a +0 spear.
The gnoll shouts!
You hear a shout!
The gnoll drinks a potion.
The gnoll seems to speed up.
The rat barely misses you.
You riposte.
You hit the rat but do no damage.
Your tail-slap misses the rat.
A kobold comes into view.
A gnoll comes into view. It is wielding a +0 spear.
The gnoll shouts!
As you read the scroll labeled JUREJY BORUQ, it crumbles to dust.
You feel strangely unstable.
It was a scroll of teleportation.
The gnoll misses you. The gnoll closely misses you. The gnoll misses you.
Unknown command.
You hit the gnoll.
The gnoll is moderately wounded.
The gnoll hits you but does no damage. The gnoll hits you with a +0 flail!
You die...

. #######
#.##.....#
.........#
#.#.....######..#
.##.....rg@.gKg...
........≈≈≈###.#..
.#####.w#≈..#
####....##.#
#.#.....# ##
#...##### #...#)#
#...#.# ...#g..#


You could see a worm, 3 gnolls, a kobold and a rat.

Vanquished Creatures
  An adder (D:2)
  2 dart slugs (D:1)
  2 giant cockroaches
  4 hobgoblins
  3 jackals (D:1)
  A quokka (D:2)
  4 bats (D:1)
  3 frilled lizards (D:1)
  A goblin (D:1)
  7 kobolds
  4 rats
32 creatures vanquished.

Notes
Turn   | Place    | Note
-------+----------+-------------------------------------------
     0 | D:1      | KristoblXynda the Draconian Skald began the quest for the
                  | Orb.
     0 | D:1      | Reached XP level 1. HP: 17/17 MP: 3/3
    82 | D:1      | Reached XP level 2. HP: 24/24 MP: 5/5
   888 | D:2      | Reached XP level 3. HP: 21/29 MP: 2/6
  1206 | D:2      | Slain by a gnoll

Levels and vault maps discovered:
D:1:      saegor_arrival_simple_d, layout_loops_ring
D:2:      layout_loops_cross, marbit_many_paths, overflow_temple_1_default,
          chequers_serial_rivers_small_b, minivault_23, minmay_hedge_maze,
          minmay_misc_feat_alley

Skill      XL: |  1  2 |
---------------+-------+-----
Charms         | 3 |  3.1
Long Blades    | 3 |  3.1
Fighting       | |  2.1
Dodging        | |  2.6
Spellcasting   | |  2.0

Action                   || total
-------------------------++-------
Melee: Falchion          ||    91
       Tailslap          ||    14
 Cast: Infusion          ||     3
  Use: Scroll            ||     1
       Potion            ||     1
  Eat: Chunk             ||     1
Armor: Skin              ||    41
Dodge: Dodged            ||    78
       Rpst.: Falchion   ||    27

Table legend:
 A = Non-vault XP
 B = Vault XP
 C = Vault XP percentage of total XP
 D = Non-vault monster count
 E = Vault monster count
 F = Vault count percentage of total count
                 A         B        C        D         E       F
            +---------+---------+-------+---------+---------+-------
      Total |      66 |       0 |   0.0 |      32 |       0 |   0.0
            +---------+---------+-------+---------+---------+-------
        D:1 |      38 |       0 |   0.0 |      22 |       0 |   0.0
        D:2 |      28 |       0 |   0.0 |      10 |       0 |   0.0
            +---------+---------+-------+---------+---------+-------
